 Dungeon Crawl Stone Soup version 0.28.0-45-g0d030f2227 (webtiles) character file.

Game seed: 14302499462567642674

5212 101zpm the Thaumaturge (level 10, -3/69 HPs)
             Began as a Yellow Draconian Air Elementalist on Apr 23, 2022.
             Was a Plaything of Xom.
             Slain by a two-headed ogre
             ... wielding a +0 giant club
              (30 damage)
             ... on level 9 of the Dungeon.
             The game lasted 00:49:00 (11337 turns).

101zpm the Thaumaturge (DrAE)                      Turns: 11337, Time: 00:49:00

Health: -3/69      AC:  8    Str:  8 (9)  XL:     10   Next: 35%
Magic:  1/23       EV: 13    Int: 17 (18) God:    Xom [....*.]
Gold:   838        SH:  0    Dex: 20 (21) Spells: 15/27 levels left

rFire   . . .      SeeInvis .   p - +9 trident of Adyjuc {freeze, *Corrode rElec rPois Dex+8}
rCold   . . .      Faith    .   (no shield)
rNeg    + + .      Spirit   .   (armour unavailable)
rPois   +          Reflect  .   E - +1 hat {Will+}
rElec   +          Harm     .   (no cloak)
rCorr   +          Rampage  .   (no gloves)
Will    +....                   (no boots)
Stlth   ++++......              m - amulet of magic regeneration
HPRegen 0.21/turn               a - ring of positive energy
MPRegen 0.58/turn               y - ring of positive energy

@: freezing walls, unable to read
A: spit acid, AC +7, unfitting armour, cold-blooded, acid resistance, thin
skeletal structure 1, deterioration 2, dopey 1, frail 1, screaming 1, weak 1,
inability to read while threatened
a: Breathe Acid, Renounce Religion


You were on level 9 of the Dungeon.
You worshipped Xom.
You were a beloved toy of Xom.
You visited 2 branches of the dungeon, and saw 10 of its levels.

You collected 838 gold pieces.

Inventory:

Hand Weapons
 o - a +4 dagger of venom
 p - the +9 trident of Adyjuc (weapon) {freeze, *Corrode rElec rPois Dex+8}
   (You found it on level 3 of the Dungeon)

   It freezes those it strikes, dealing additional cold damage.
   It can also slow down cold-blooded creatures.
   Dex:       It affects your dexterity (+8).
   rElec:     It insulates you from electricity.
   rPois:     It protects you from poison.
   *Corrode:  It may corrode you when you take damage.
Armour
 E - a +1 hat of willpower (worn)
Jewellery
 a - a ring of positive energy (left hand)
 m - an amulet of magic regeneration (around neck)
 t - an amulet of the acrobat
 y - a ring of positive energy (right hand)
 z - a ring of positive energy
Wands
 c - a wand of iceblast (8)
 i - a wand of acid (10)
 u - a wand of polymorph (3)
 D - a wand of digging (2)
Scrolls
 b - a scroll of vulnerability {unknown}
 e - 3 scrolls of identify {unknown}
 h - a scroll of magic mapping {unknown}
 j - 4 scrolls of teleportation
 k - a scroll of torment {unknown}
 n - 2 scrolls of brand weapon {unknown}
 s - a scroll of immolation {unknown}
 v - a scroll of fear {unknown}
 C - a scroll of noise {unknown}
Potions
 d - a potion of haste {unknown}
 f - a potion of degeneration {unknown}
 g - 2 potions of lignification {unknown}
 l - 5 potions of curing {unknown}
 q - a potion of might {unknown}
 r - a potion of flight {unknown}
 w - 3 potions of brilliance {unknown}
 x - a potion of invisibility {unknown}
 A - 2 potions of mutation {unknown}
 B - a potion of magic {unknown}


   Skills:
 + Level 3.4 Fighting
 + Level 0.6 Short Blades
 + Level 4.5 Polearms
 + Level 3.0 Dodging
 + Level 4.2 Stealth
 + Level 0.2 Unarmed Combat
 + Level 9.3 Spellcasting
 + Level 3.7 Conjurations
 + Level 1.2 Ice Magic
 + Level 8.6 Air Magic


You had 15 spell levels left.
You knew the following spells:

 Your Spells              Type           Power      Damage    Failure   Level
a - Shock                 Conj/Air       100%       1d9       1%          1
b - Searing Ray           Conj           40%        2d5       3%          2
c - Static Discharge      Conj/Air       29%        N/A       1%          2
d - Airstrike             Air            18%        N/A       2%          4
e - Frozen Ramparts       Ice            24%        1d4       16%         3

Your spell library contained the following spells:

 Spells                   Type           Power      Damage    Failure   Level
 Magic Dart               Conj           80%        1d7       1%          1
 Swiftness                Air            37%        N/A       1%          3
 Corpse Rot               Necr/Air       44%        N/A       2%          2
 Poisonous Vapours        Pois/Air       44%        N/A       2%          2
 Mephitic Cloud           Conj/Pois/Air  21%        N/A       4%          3
 Freeze                   Ice            48%        1d7       5%          1
 Animate Skeleton         Necr           14%        N/A       9%          1
 Pain                     Necr           28%        1d5       9%          1
 Slow                     Hex            28%        N/A       9%          1
 Conjure Flame            Conj/Fire      14%        6-21      13%         3
 Call Imp                 Summ           7%         N/A       14%         2
 Lightning Bolt           Conj/Air       14%        1d28      21%         5
 Confusing Touch          Hex            7%         N/A       26%         3
 Ignite Poison            Fire/Tmut/Pois 7%         N/A       26%         3
 Vampiric Draining        Necr           7%         2d6       26%         3
 Hailstorm                Conj/Ice       16%        3d6       32%         4
 Fulminant Prism          Conj/Hex       7%         3d7       38%         4
 Sticky Flame             Conj/Fire      14%        2d4       38%         4
 Blade Hands              Tmut           3%         N/A       94%         5
 Iron Shot                Conj/Erth      7%         9d2       100%        6
 Maxwell's Capacitive Co  Air            18%        ∞         100%        8
 Animate Armour           Summ/Erth      Unusable   N/A       N/A         4

Dungeon Overview and Level Annotations

Branches:
Dungeon (9/15)             Temple (1/1) D:7
   Lair: D:8-11         Orc: D:9-12

Altars:
Ashenzari
Cheibriados
Dithmenos
Elyvilon
Fedhas
Gozag
Hepliaklqana
Kikubaaqudgha
Makhleb
Nemelex Xobeh
Okawaru
Qazlal
Ru
Sif Muna
Trog
Uskayaw
Vehumet
Wu Jian
Xom
Yredelemnul
Zin

Shops:
D:8 **

Annotations:
D:3 1 transporter
D:4 2 transporters
D:6 1 runed translucent door, Crazy Yiuf


Innate Abilities, Weirdness & Mutations

You can spit globs of acid.
Your golden yellow scales are hard. (AC +7)
You cannot fit into any form of body armour.
You are cold-blooded and may be slowed by cold attacks.
You are resistant to acid. (rCorr)
You have a somewhat thin skeletal structure. (Dex +2, Stealth+)
Your body often deteriorates upon taking damage.
You are dopey. (Int -2)
You are frail. (-10% HP)
You occasionally shout uncontrollably at your foes.
You are weak. (Str -2)
You sometimes lose the ability to read scrolls when taking damage.


Message History

The walls around you are covered in ice.
Casting: Frozen Ramparts (dangerous; 16% risk of failure)
Confirm with . or Enter, or press ? or * to list all spells.
You cannot sustain more frozen ramparts right now.
Casting: Frozen Ramparts (dangerous; 16% risk of failure)
Confirm with . or Enter, or press ? or * to list all spells.
Aiming: Airstrike (dangerous; 2% risk of failure)
Press: ? - help, Dir - move target, f - two-headed ogre
Aim: a two-headed ogre, wielding two +0 giant clubs (empty space bonus: 6/8)
The air twists around and strikes the two-headed ogre!
The two-headed ogre is lightly wounded.
The wall freezes the two-headed ogre.
The two-headed ogre hits you with a +0 giant club.
The two-headed ogre closely misses you.
Casting: Airstrike (dangerous; 2% risk of failure)
Confirm with . or Enter, or press ? or * to list all spells.
You don't have enough magic to cast this spell.
Unknown command.
Unknown command.
Aiming: Shock (safe; 1% risk of failure)
Press: ? - help, Q - select action, (/) - cycle Shift-Dir - straight line, f/p - two-headed ogre
Aim: a two-headed ogre, wielding two +0 giant clubs (moderately wounded, 88% to hit)
The zap hits the two-headed ogre.
The two-headed ogre is moderately wounded.
The wall freezes the two-headed ogre.
The two-headed ogre barely misses you. x2
Aiming: Shock (safe; 1% risk of failure)
Press: ? - help, Q - select action, (/) - cycle Shift-Dir - straight line, f/p - two-headed ogre
Aim: a two-headed ogre, wielding two +0 giant clubs (moderately wounded, 88% to hit)
The zap hits the two-headed ogre.
The two-headed ogre is moderately wounded.
Aiming: Shock (safe; 1% risk of failure)
Press: ? - help, Q - select action, (/) - cycle Shift-Dir - straight line, f/p - two-headed ogre
Aim: a two-headed ogre, wielding two +0 giant clubs (moderately wounded, 88% to hit)
The zap hits the two-headed ogre!
The two-headed ogre is heavily wounded.
The wall freezes the two-headed ogre.
The two-headed ogre hits you with a +0 giant club!!
You feel threatened and lose the ability to read scrolls!
You die...
Xom laughs nastily!

#.$. #.....).# #...
#.......#
#..#####..........
#..#..............
#..'...............
#.)#...............
#..#..........####
#[.#.........##
#.@#.....)$..#
......O.#####.....#
..................
.....#
...................
.....#
.....O.............#
...................#
...................'
...................#.
...............


You could see a two-headed ogre.

Vanquished Creatures
  Pikel (D:5)
  Maggie (D:7)
  2 trolls (D:9)
  Prince Ribbit (D:5)
  A spriggan (D:8)
  A steam dragon (D:7)
  Menkaure (D:7)
  A water moccasin (D:5)
  An orc warrior (D:8)
  3 ice beasts (D:6)
  3 black bears
  A sky beast (D:8)
  A necrophage (D:5)
  5 ogres
  4 centaurs
  4 bullfrogs
  A gnoll sergeant (D:9)
  2 scorpions
  4 wights (D:3)
  An electric eel (D:8)
  2 bullfrog zombies
  A jelly (D:4)
  3 orc priests
  2 centaur zombies
  4 bullfrog skeletons
  2 centaur skeletons
  4 hounds
  2 iguanas (D:5)
  7 orc wizards
  A killer bee zombie (D:5)
  3 hound skeletons
  3 howler monkey zombies
  Robin (D:2)
  7 gnolls
  6 adders
  3 ufetubi
  2 adder skeletons
  4 dart slugs
  18 orcs
  6 endoplasms
  3 giant cockroaches
  14 goblins
  8 hobgoblins (D:2)
  4 quokkas
  6 ball pythons
  2 bats
  3 frilled lizards
  4 kobolds
  6 rats
  A spectral orc (D:6)
171 creatures vanquished.

Vanquished Creatures (collateral kills)
  An ogre (D:5)
  A bullfrog zombie (D:5)
  A hound (D:5)
  An adder (D:5)
4 creatures vanquished.

Vanquished Creatures (others)
  An orc (D:4)
1 creature vanquished.

Grand Total: 176 creatures vanquished

Notes
Turn   | Place    | Note
-------+----------+-------------------------------------------
     0 | D:1      | 101zpm the Draconian Air Elementalist began the quest for
                  | the Orb.
     0 | D:1      | Reached XP level 1. HP: 14/14 MP: 3/3
  1093 | D:3      | Found a stormy altar of Qazlal.
  1164 | D:3      | Reached XP level 2. HP: 20/20 MP: 0/5
  1466 | D:3      | Noticed an ogre
  1848 | D:2      | Found a faded altar of an unknown god.
  1872 | D:2      | Reached XP level 3. HP: 26/26 MP: 4/6
  2451 | D:2      | Noticed Robin
  2532 | D:2      | Reached XP level 4. HP: 30/33 MP: 4/8
  3196 | D:2      | Killed Robin
  3197 | D:2      | Reached skill level 3 in Spellcasting
  3591 | D:5      | Entered Level 5 of the Dungeon
  3619 | D:4      | Reached XP level 5. HP: 31/38 MP: 2/10
  3786 | D:4      | Found a glowing silver altar of Zin.
  3786 | D:4      | Found a transporter.
  3790 | D:4      | Noticed a hornet
  3869 | D:4      | Found a transporter.
  3977 | D:4      | Reached skill level 4 in Spellcasting
  4491 | D:4      | Reached XP level 6. HP: 44/45 MP: 5/12
  4629 | D:4      | Learned a level 2 spell: Searing Ray
  4632 | D:4      | Learned a level 2 spell: Static Discharge
  4637 | D:4      | Learned a level 4 spell: Airstrike
  4905 | D:4      | Found a burning altar of Makhleb.
  4906 | D:4      | Found a shimmering altar of Xom.
  5216 | D:3      | Learned a level 3 spell: Frozen Ramparts
  5324 | D:3      | Identified the +9 trident of Adyjuc {freeze, *Corrode rElec
                  | rPois Dex+8}
  5717 | D:3      | Found a sparkling altar of Nemelex Xobeh.
  5717 | D:3      | Found a transporter.
  6125 | D:4      | Your scales start taking on a golden yellow colour.
  6125 | D:4      | Reached XP level 7. HP: 51/51 MP: 5/13
  6125 | D:4      | Gained mutation: You are resistant to acid. (rCorr) [Yellow
                  | Draconian growth]
  6176 | D:4      | Became a worshipper of Xom of Gnomic Intent
  6182 | D:4      | XOM: silly message
  6190 | D:4      | XOM: draining
  6317 | D:4      | Reached skill level 5 in Air Magic
  6422 | D:5      | XOM is BORED!
  6422 | D:5      | XOM: summons 4 hostile demons
  6508 | D:4      | XOM: silly message
  6670 | D:4      | XOM: silly message
  6672 | D:5      | XOM: cloud trail
  6706 | D:5      | XOM: silly message
  6741 | D:5      | XOM: 1-stop teleportation journey
  6747 | D:5      | Noticed Pikel
  6752 | D:5      | Killed Pikel
  6753 | D:5      | Reached skill level 1 in Fighting
  6753 | D:5      | Reached skill level 1 in Polearms
  6753 | D:5      | Reached skill level 5 in Spellcasting
  6753 | D:5      | Reached XP level 8. HP: 56/59 MP: 1/16
  6858 | D:5      | XOM: 4-stop teleportation journey
  6969 | D:5      | Found a sacrificial altar of Ru.
  7005 | D:5      | Reached skill level 6 in Spellcasting
  7021 | D:5      | XOM: enchant monster (bad)
  7076 | D:5      | XOM: give mutation
  7076 | D:5      | Gained mutation: You are clumsy. (Dex -2) [Xom's mischief]
  7257 | D:5      | XOM: 2-stop teleportation journey
  7286 | D:6      | You fall into a shaft and drop 1 floor!
  7366 | D:7      | XOM: scenery: summon butterflies
  7444 | D:7      | Noticed Maggie
  7446 | D:7      | XOM: divination: detect items
  7453 | D:7      | Killed Maggie
  7458 | D:7      | Reached skill level 7 in Spellcasting
  7587 | D:7      | Noticed Menkaure
  7599 | D:7      | Reached XP level 9. HP: 67/67 MP: 13/19
  7619 | D:6      | XOM: summons 3 friendly demons
  7639 | D:6      | Found a hide-covered altar of Uskayaw.
  7911 | D:6      | Found a radiant altar of Vehumet.
  7996 | D:6      | Reached skill level 8 in Spellcasting
  8047 | D:6      | Found a basalt altar of Yredelemnul.
  8140 | D:6      | XOM: give mutations
  8140 | D:6      | Gained mutation: Your mind is acute. (Int +2) [Xom's grace]
  8140 | D:6      | Gained mutation: You are partially covered in large bone
                  | plates. (SH +4) [Xom's grace]
  8260 | D:6      | Found a runed translucent door.
  8260 | D:6      | XOM: 8-stop teleportation journey
  8329 | D:6      | XOM: summons 4 hostile demons
  8559 | D:6      | Noticed Crazy Yiuf
  8761 | D:5      | XOM: silly message
  8972 | D:5      | XOM: summons 9 friendly demons
  9027 | D:5      | Reached skill level 1 in Ice Magic
  9093 | D:5      | XOM: chaos upgrade
  9184 | D:5      | XOM: scenery: 1 doors open, 1 doors close
  9214 | D:5      | XOM: give mutations
  9214 | D:5      | Gained mutation: You have a somewhat thin skeletal
                  | structure. (Dex +2, Stealth+) [Xom's mischief]
  9214 | D:5      | Gained mutation: Your body sometimes deteriorates upon
                  | taking damage. [Xom's mischief]
  9214 | D:5      | Lost mutation: You are partially covered in large bone
                  | plates. (SH +4) [Xom's mischief]
  9232 | D:5      | XOM: give mutations
  9232 | D:5      | Gained mutation: Your body often deteriorates upon taking
                  | damage. [Xom's mischief]
  9232 | D:5      | Lost mutation: You are clumsy. (Dex -2) [Xom's mischief]
  9232 | D:5      | Gained mutation: You are weak. (Str -2) [Xom's mischief]
  9232 | D:5      | Lost mutation: Your mind is acute. (Int +2) [Xom's
                  | mischief]
  9307 | D:5      | Noticed Prince Ribbit
  9323 | D:5      | Killed Prince Ribbit
  9396 | D:5      | XOM: smoke on damage
  9396 | D:5      | XOM: torment (40/70 hp)
  9712 | D:7      | Killed Menkaure
  9713 | D:7      | Reached XP level 10. HP: 77/77 MP: 14/22
  9729 | D:7      | XOM: give mutations
  9729 | D:7      | Gained mutation: You are dopey. (Int -2) [Xom's mischief]
  9729 | D:7      | Gained mutation: You occasionally shout uncontrollably at
                  | your foes. [Xom's mischief]
  9729 | D:7      | Gained mutation: You are frail. (-10% HP) [Xom's mischief]
  9729 | D:7      | Gained mutation: You sometimes lose the ability to read
                  | scrolls when taking damage. [Xom's mischief]
  9963 | D:7      | Found a staircase to the Ecumenical Temple.
  9973 | Temple   | Entered the Ecumenical Temple
 10267 | D:8      | Found Geruhoux's Specific Store.
 10268 | D:8      | Found Pomn's General Store.
 10319 | D:8      | Found an ornate altar of the Wu Jian Council.
 10344 | D:8      | Found a blossoming altar of Fedhas.
 10471 | D:8      | Found a white marble altar of Elyvilon.
 11059 | D:8      | Reached skill level 9 in Spellcasting
 11178 | D:9      | Noticed a two-headed ogre
 11178 | D:9      | XOM: 1-stop teleportation journey
 11254 | D:9      | Noticed a two-headed ogre
 11324 | D:9      | XOM: destruction
 11337 | D:9      | Slain by a two-headed ogre

Illustrated notes

Levels and vault maps discovered:
D:1:      minmay_arrival_hallway, layout_basic, minivault_14, chequers_avenue
D:2:      layout_loops_cross, dreamdust_ecumenical_altar_statues, uniq_robin
D:3:      layout_loops_corners, grunt_nemelex_the_gamble,
          nicolae_qazlal_general_emergency
D:4:      layout_loops_ring, grunt_temple_overflow_champion_of_chaos,
          gammafunk_temple_overflow_arena, kennysheep_generic_room_11
D:5:      minmay_polygon_palace, layout_gridville, nicolae_ru_awakened_eye,
          uniq_prince_ribbit1, uniq_pikel
D:6:      layout_loops_ring, mainiacjoe_overflow_paths, fiery_altar_vehumet,
          yredelemnul_forgotten_temple_becter, uniq_crazy_yiuf_cottage
D:7:      layout_basic, temple_hall, solitary_fountain, uniq_maggie,
          uniq_menkaure
D:8:      layout_gridville, elyvilon_altar_4, nicolae_overflow_squiral,
          chequers_mini_garden, nicolae_specific_store, the_hattery
D:9:      minmay_octagon_keep, layout_irregular_city, tso_metal_star
Temple:   dpeg_three_leaves_temple

Skill      XL: |  1  2  3  4  5  6  7  8  9 10 |
---------------+-------------------------------+-----
Stealth        | 2 3 4 |  4.2
Dodging        | 2 3 |  3.0
Spellcasting   | 3 4 5 7 8 9 |  9.3
Conjurations   | 2 3 |  3.7
Air Magic      | 4 5 6 7 8 |  8.6
Fighting       | 1 3 |  3.4
Polearms       | 1 2 4 |  4.5
Ice Magic      | 1 |  1.2
Short Blades   | |  0.6
Unarmed Combat | |  0.2

Action                   |  1- 3 |  4- 6 |  7- 9 | 10-12 || total
-------------------------+-------+-------+-------+-------++-------
Melee: Unarmed           |    28 |     2 |       |       ||    30
       Tailslap          |     3 |     2 |    11 |     1 ||    17
       Dagger            |       |    14 |       |       ||    14
       Trident           |       |     6 |    93 |    23 ||   122
       Punch             |       |       |     1 |     1 ||     2
 Cast: Shock             |    82 |   138 |    55 |    26 ||   301
       Airstrike         |       |     5 |    65 |    34 ||   104
       Frozen Ramparts   |       |       |     3 |     4 ||     7
       Static Discharge  |       |       |       |     1 ||     1
Evoke: Wand              |       |       |       |     1 ||     1
  Use: Scroll            |       |       |       |     1 ||     1
 Stab: Sleeping          |     1 |       |     3 |     1 ||     5
Armor: Skin              |    15 |    20 |    40 |    16 ||    91
Dodge: Dodged            |    41 |    37 |    63 |    25 ||   166
Block: Other             |       |       |    10 |       ||    10
